 Dungeon Crawl Stone Soup version 0.29-a0-802-g34511f41fd (webtiles) character file.

Game seed: 3167364430496100881

39 gobodom the Covered (level 3, -3/33 HPs)
             Began as a Minotaur Fighter on July 3, 2022.
             Slain by a gnoll
             ... wielding a +0 flail
              (10 damage)
             ... on level 3 of the Dungeon.
             The game lasted 00:03:37 (1208 turns).

gobodom the Covered (Minotaur Fighter)              Turns: 1208, Time: 00:03:37

Health: -3/33      AC:  6    Str: 20    XL:     3   Next: 28%
Magic:  2/2        EV: 10    Int:  5    God:
Gold:   119        SH:  4    Dex: 11    Spells: 2/2 levels left

rFire   . . .      SeeInvis .   a - +0 war axe
rCold   . . .      Faith    .   c - +0 buckler
rNeg    + . .      Spirit   .   h - +1 ring mail {rN+}
rPois   .          Reflect  .   (helmet restricted)
rElec   .          Harm     .   (no cloak)
rCorr   +          Rampage  .   (no gloves)
Will    .....                   (no boots)
Stlth   +.........              (no amulet)
HPRegen 0.11/turn               m - ring of resist corrosion
MPRegen 0.08/turn               (no ring)

@: no status effects
A: horns 2, retaliatory headbutt
a: no special abilities


You were on level 3 of the Dungeon.
You visited 1 branch of the dungeon, and saw 3 of its levels.

You collected 119 gold pieces.

Inventory:

Hand Weapons
 a - a +0 war axe (weapon)
 j - a +2 dagger of flaming
 l - a +0 dagger of venom
 q - a +4 short sword
Missiles
 o - 4 poisoned darts (quivered)
Armour
 c - a +0 buckler (worn)
 h - a +1 ring mail of positive energy (worn)
Jewellery
 m - a ring of resist corrosion (left hand)
Scrolls
 b - a scroll of silence {unknown}
 e - 2 scrolls of identify {unknown}
 f - 2 scrolls of teleportation {unknown}
 g - 2 scrolls of enchant weapon {unknown}
 i - a scroll of noise {unknown}
 p - a scroll of blinking {unknown}
Potions
 d - 2 potions of might
 k - a potion of curing
 n - a potion of degeneration {unknown}


   Skills:
 + Level 4.0 Fighting
 + Level 3.1 Axes
 + Level 4.2 Armour
 + Level 0.1 Dodging
 + Level 4.0 Shields


You had 2 spell levels left.
You didn't know any spells.
Your spell library contained the following spells:

 Spells                   Type           Power      Damage    Failure   Level
 Summon Small Mammal      Summ           0%         N/A       75%         1
 Call Canine Familiar     Summ           0%         N/A       98%         3
 Dazzling Flash           Conj/Hex       0%         N/A       98%         3
 Portal Projectile        Hex/Tloc       0%         N/A       98%         3
 Leda's Liquefaction      Hex/Erth       0%         N/A       100%        4
 Agony                    Necr           0%         N/A       100%        5
 Silence                  Hex/Air        0%         N/A       100%        5


Dungeon Overview and Level Annotations

Branches:
Dungeon (3/15)

Altars:


Innate Abilities, Weirdness & Mutations

You have a pair of horns on your head.
You reflexively headbutt those who attack you in melee.


Message History

The gnoll shouts!
A gnoll comes into view. It is wielding a +4 flail.
The gnoll shouts!
You throw a poisoned dart. The poisoned dart hits the gnoll.
The gnoll is poisoned.
A gnoll comes into view. It is wielding a +0 flail.
You throw a poisoned dart.
The poisoned dart closely misses the gnoll.
The gnoll shouts!
A gnoll comes into view. It is wielding a +0 whip.
You throw a poisoned dart. The poisoned dart hits the gnoll.
The gnoll is lightly wounded.
You throw a poisoned dart.
The poisoned dart barely misses the gnoll.
The poisoned dart hits the gnoll.
You block the gnoll's attack.
You throw a poisoned dart.
The poisoned dart barely misses the gnoll.
The poisoned dart hits the gnoll.
The gnoll closely misses you.
You hit the gnoll.
The gnoll is lightly wounded.
The gnoll barely misses you.
The gnoll looks more healthy.
The gnoll closely misses you. The gnoll hits you but does no damage.
You hit the gnoll.
You headbutt the gnoll, but do no damage.
The gnoll is severely wounded.
You barely miss the gnoll. You hit the gnoll. x2
The gnoll hits you with a +0 spear. The gnoll hits you but does no damage.
The gnoll hits you with a +4 flail. The gnoll hits you with a +0 whip!
You block the gnoll's attack. x2; The gnoll hits you with a +0 whip.
The gnoll hits you with a +0 flail. The gnoll attacks as you move away!
The gnoll hits you with a +0 flail!
* * * LOW HITPOINT WARNING * * *
The gnoll hits you from afar with a +0 spear.
* * * LOW HITPOINT WARNING * * *
Found a quarterstaff.
You slash the gnoll! You headbutt the gnoll.
The gnoll is almost dead.
The gnoll hits you with a +0 flail!
You die...

# .... # #.##..#
#.#.#.(.. ......(## ...
#####.#.((.###.# ...
..............# .
...###..#.##.g.# ..)
..............g####.....
..........##..gg@..(....
.........###.#.####.....
...#.#...##....# ...
...........(.#.# #
...#.###.##.##.# ...#.#
#.......# ...#.#
####.#### .....# #.#
#.##### #.#


You could see 4 gnolls.

Vanquished Creatures
  An adder (D:3)
  An orc (D:2)
  2 endoplasms (D:2)
  A goblin (D:2)
  4 hobgoblins
  3 kobolds
  4 quokkas
  3 ball pythons
  3 bats (D:2)
  3 frilled lizards
  4 rats
29 creatures vanquished.

Notes
Turn   | Place    | Note
-------+----------+-------------------------------------------
     0 | D:1      | gobodom the Minotaur Fighter began the quest for the Orb.
     0 | D:1      | Reached XP level 1. HP: 19/19 MP: 0/0
   248 | D:1      | Reached XP level 2. HP: 27/27 MP: 1/1
  1000 | D:2      | Reached XP level 3. HP: 33/33 MP: 2/2
  1108 | D:3      | Found a faded altar of an unknown god.
  1122 | D:3      | Got Plato's Collected Works on Calling
  1208 | D:3      | Slain by a gnoll

Illustrated notes

Levels and vault maps discovered:
D:1:      minmay_arrival_open_corners, layout_rooms
D:2:      layout_basic
D:3:      layout_loops_cross, shapermc_ecumenical_altar_rom_forum

Skill      XL: |  1  2  3 |
---------------+----------+-----
Fighting       | 4 |  4.0
Armour         | 4 |  4.2
Axes           | 3 |  3.1
Shields        | 4 |  4.0
Dodging        | |  0.1

Action                   || total
-------------------------++-------
Melee: War axe           ||    69
       Headbutt          ||     9
Throw: Dart              ||     5
  Use: Potion            ||     1
Armor: Scale mail        ||    14
       Ring mail         ||    23
Dodge: Dodged            ||    35
Block: Buckler           ||    21

Table legend: (Time is in decaauts)
 A = Elapsed time spent in this place.
 B = Non-inter-level travel time spent in this place.
 C = Inter-level travel time spent in this place.
 D = Time resting spent in this place.
 E = Time spent auto-exploring this place.
 F = Levels seen in this place.
 G = Mean time per level.
                   A        B        C        D        E       F      G
               +--------+--------+--------+--------+--------+-----+--------+
         Total |   1235 |   1221 |     14 |      0 |    883 |   3 |  411.7 |
       Dungeon |   1235 |   1221 |     14 |      0 |    883 |   3 |  411.7 |
               +--------+--------+--------+--------+--------+-----+--------+

Top non-repeatable levels by time:
     D:2: 682 daAuts
     D:1: 436 daAuts
     D:3: 117 daAuts
